 Dungeon Crawl Stone Soup version 0.20.0-15-g7f486f2 (webtiles) character file.

1411 vatarom the Destroyer (level 8, -1/41 HPs)
             Began as a Tengu Air Elementalist on June 13, 2017.
             Was a Follower of Sif Muna.
             Slain by a sky beast (5 damage)
             ... on level 4 of the Dungeon on June 16, 2017.
             The game lasted 00:14:30 (5816 turns).

vatarom the Destroyer (Tengu Air Elementalist)      Turns: 5816, Time: 00:14:30

Health: -1/41      AC:  4    Str:  8    XL:     8   Next: 70%
Magic:  11/14      EV: 12    Int: 19    God:    Sif Muna [*.....]
Gold:   30         SH:  0    Dex: 14    Spells: 4/14 levels left

rFire    . . .     SeeInvis .   p - +1 whip (elec)
rCold    . . .     Gourm    .   (no shield)
rNeg     . . .     Faith    .   a - +1 robe
rPois    .         Spirit   .   (helmet restricted)
rElec    .         Reflect  .   (no cloak)
rCorr    +         Harm     .   t - +0 pair of gloves
MR       .....                  (boots unavailable)
Stlth    +.........             (no amulet)
Regen    0.2/turn               r - ring of resist corrosion
MPRegen  0.2/turn               (no ring)

@: confused, very slightly contaminated
A: beak, talons 3, able to fly 1
a: Fly, Divine Energy, Renounce Religion


You were on level 4 of the Dungeon.
You worshipped Sif Muna.
Sif Muna was aware of your devotion.
You were not hungry.

You visited 1 branch of the dungeon, and saw 5 of its levels.

You collected 30 gold pieces.

Inventory:

Hand Weapons
 g - a +0 dagger of venom
 i - a +1 dagger of electrocution
 p - a +1 whip of electrocution (weapon)
Armour
 a - a +1 robe (worn)
 h - a +0 leather armour of positive energy
 t - a +0 pair of gloves (worn)
Jewellery
 r - a ring of resist corrosion (left hand)
Wands
 s - a wand of clouds (4/9)
Scrolls
 d - a scroll of fear
 f - 2 scrolls of identify
 k - a scroll of fog
 q - 3 scrolls of magic mapping
 u - a scroll of enchant weapon
Potions
 e - 2 potions of flight
 l - a potion of curing
Books
 b - a book of Air

   Spells                             Type                      Level
   a - Shock                          Conjuration/Air              1
   b - Swiftness                      Charms/Air                   2
   c - Static Discharge               Conjuration/Air              3
   d - Airstrike                      Air                          4
   e - Lightning Bolt                 Conjuration/Air              5
Comestibles
 c - a bread ration
 j - 3 royal jellies
 m - 8 fruits
 n - a meat ration
 v - 3 chunks of flesh


   Skills:
 - Level 2.1 Dodging
 - Level 2.0 Stealth
 * Level 3.5 Spellcasting
 - Level 10.3 Conjurations
 + Level 8.7 Air Magic


You had 4 spell levels left.
You knew the following spells:

 Your Spells              Type           Power        Failure   Level  Hunger
a - Shock                 Conj/Air       ####         1%          1    None
b - Swiftness             Chrm/Air       ###.....     3%          2    ##.....
c - Static Discharge      Conj/Air       #####...     1%          3    ###....
d - Airstrike             Air            #####.....   4%          4    ####...


Dungeon Overview and Level Annotations

Branches:
Dungeon (5/15)
 Temple: D:4-7

Altars:
Fedhas
Makhleb
Qazlal
Sif Muna

Shops:
D:4 ?


Innate Abilities, Weirdness & Mutations

You have a beak for a mouth.
You have claws for feet.
You can fly.


Message History

The sky beast flickers out of sight!
Deactivating autopickup; reactivate with Ctrl-A.
Casting: Airstrike
Confirm with . or Enter, or press ? or * to list all spells.
You don't know that spell.
You open the door. Something hits you. Something shocks you.
You completely miss something. Something hits you but does no damage.
You barely miss something. You claw something. Something hits you.
* * * LOW HITPOINT WARNING * * *
Something shocks you.
* * * LOW HITPOINT WARNING * * *
You feel better. Something hits you.
* * * LOW HITPOINT WARNING * * *
Something shocks you.
* * * LOW HITPOINT WARNING * * *
You are confused.
You feel invigorated. Something hits you.
* * * LOW HITPOINT WARNING * * *
Something shocks you.
You die...

##...........#............#
#...........+............#
##..........###..........#
#..........# #..#########
#...>......# #...........
#..........# #..#########
#.......#### #..# #.....
#......#######..####'####
#......'@..............♣.
#......#######..###...>..
#...#### ##.# #......
#...###########.# #######
#...............# #
#.#.############## #
#................# #
###.####......##.##### #
#.#.........##.....####


There were no monsters in sight!

Vanquished Creatures
  Pikel (D:4)
  Grinder (D:3)
  Sigmund (D:3)
  2 slaves
  An ogre (D:4)
  2 hounds (D:4)
  An orc priest (D:3)
  5 orc wizards
  Natasha (thrice) (D:3)
  A hound skeleton (D:4)
  2 river rats (D:3)
  6 adders
  An ooze (D:4)
  A worm (D:3)
  6 leopard geckos
  11 orcs
  5 giant cockroaches
  8 goblins
  7 hobgoblins
  2 jackals (D:3)
  2 quokkas
  3 ball pythons
  13 bats
  5 frilled lizards
  14 kobolds
  A leopard gecko skeleton (D:4)
  12 rats
117 creatures vanquished.

Vanquished Creatures (others)
  A slave (D:4)
  An orc wizard (D:4)
  A worm (D:4)
  A leopard gecko (D:4)
  An orc (D:4)
5 creatures vanquished.

Grand Total: 122 creatures vanquished

Notes
Turn   | Place    | Note
-------+----------+-------------------------------------------
     0 | D:1      | vatarom the Tengu Air Elementalist began the quest for the Orb.
     0 | D:1      | Reached XP level 1. HP: 10/10 MP: 4/4
   181 | D:1      | Reached skill level 2 in Conjurations
   202 | D:1      | Reached XP level 2. HP: 15/15 MP: 4/6
   842 | D:1      | Reached skill level 3 in Conjurations
   987 | D:2      | Reached XP level 3. HP: 19/19 MP: 4/7
   993 | D:1      | Learned a level 2 spell: Swiftness
   997 | D:1      | Learned a level 3 spell: Static Discharge
  1276 | D:2      | Found a blossoming altar of Fedhas.
  1441 | D:2      | Reached skill level 4 in Conjurations
  1441 | D:2      | Reached XP level 4. HP: 24/24 MP: 1/8
  1548 | D:2      | Reached skill level 5 in Air Magic
  2011 | D:3      | Noticed Grinder
  2168 | D:3      | Noticed Sigmund
  2168 | D:3      | HP: 1/24 [orc/hand axe (6)]
  2474 | D:3      | Killed Grinder
  2474 | D:3      | Reached skill level 6 in Conjurations
  2474 | D:3      | Gained mutation: You can fly. [Tengu growth]
  2474 | D:3      | Reached XP level 5. HP: 26/28 MP: 2/9
  2474 | D:3      | Reached XP level 6. HP: 30/32 MP: 2/10
  2907 | D:3      | Killed Sigmund
  2907 | D:3      | Reached skill level 7 in Conjurations
  2907 | D:3      | Reached XP level 7. HP: 10/36 MP: 2/11
  3226 | D:3      | Reached skill level 8 in Conjurations
  3467 | D:3      | Noticed Natasha
  3473 | D:3      | Killed Natasha
  3574 | D:3      | Noticed Natasha
  3725 | D:3      | Found a stormy altar of Qazlal.
  3728 | D:3      | Found a burning altar of Makhleb.
  3731 | D:3      | Found a deep blue altar of Sif Muna.
  3735 | D:3      | Became a worshipper of Sif Muna the Loreminder
  3769 | D:3      | Killed Natasha
  3775 | D:3      | Learned a level 4 spell: Airstrike
  3961 | D:4      | Noticed Pikel
  4306 | D:3      | Noticed Natasha
  4307 | D:3      | Killed Natasha
  4496 | D:4      | Killed Pikel
  4496 | D:4      | Reached * piety under Sif Muna
  4496 | D:4      | Reached skill level 10 in Conjurations
  4496 | D:4      | Reached XP level 8. HP: 36/41 MP: 0/12
  4636 | D:4      | Found Keirph's Magic Scroll Shop.
  5785 | D:5      | Entered Level 5 of the Dungeon
  5816 | D:4      | Slain by a sky beast

Skill      XL: |  1  2  3  4  5  6  7  8 |
---------------+-------------------------+-----
Conjurations   | 2 3 4 6 7 10 | 10.3
Air Magic      | 6 8 |  8.7
Spellcasting   | 3 |  3.5
Dodging        | |  2.1
Stealth        | |  2.0

Action                   |  1- 3 |  4- 6 |  7- 9 || total
-------------------------+-------+-------+-------++-------
Melee: Dagger            |    35 |    22 |    25 ||    82
       Kick              |     5 |     3 |    14 ||    22
       Peck              |     4 |     2 |     9 ||    15
       Whip              |       |       |    19 ||    19
 Cast: Shock             |    40 |    58 |    69 ||   167
       Static Discharge  |     1 |     5 |    11 ||    17
       Airstrike         |       |       |    13 ||    13
       Swiftness         |       |       |     1 ||     1
  Use: Scroll            |     4 |     4 |     5 ||    13
       Potion            |     2 |     2 |     6 ||    10
 Stab: Sleeping          |     4 |       |       ||     4
  Eat: Meat ration       |     2 |       |       ||     2
       Chunk             |       |       |     4 ||     4
       Bread ration      |       |       |     2 ||     2
Armor: Robe              |    10 |     5 |    16 ||    31
Dodge: Dodged            |    35 |    15 |    44 ||    94
